 Dungeon Crawl Stone Soup version 0.31-a0-965-g8a8ce12e04 (webtiles) character file.

Game seed: 4845256223560874463

4003 croobank the Fighter (level 10, -5/90 HPs)
             Began as a Pale Draconian Monk on Oct 26, 2023.
             Was an Initiate of Gozag.
             Slain by a troll (11 damage)
             ... on level 9 of the Dungeon.
             The game lasted 00:30:11 (6458 turns).

croobank the Fighter (Pale Draconian Monk)          Turns: 6458, Time: 00:30:11

Health: -5/90      AC:  8    Str: 13    XL:     10   Next: 3%
Magic:  16/16      EV: 15    Int: 22    God:    Gozag
Gold:   953        SH:  0    Dex: 13    Spells: 14/17 levels left

rFire   + . .        v - +1 short sword (venom)
rCold   . . .        c - orb {light}
rNeg    + . .        (body armour unavailable)
rPois   .            (helmet restricted)
rElec   .            (no cloak)
rCorr   .            n - +0 pair of gloves of Yssuinid {rF+ Stlth+}
SInv    .            (no boots)
Will    .....        y - amulet of regeneration
Stlth   +            s - ring of positive energy
HPRegen 1.15/turn    r - +6 ring of intelligence
MPRegen 0.15/turn

%: no passive effects
@: short of breath, glowing
A: breathe steam, AC +7, unfitting armour, cold-blooded, steam resistance
a: Breathe Steam, Renounce Religion, Potion Petition, Call Merchant, Bribe
Branch


You were on level 9 of the Dungeon.
You worshipped Gozag.
Gozag was pleased with you.
You visited 2 branches of the dungeon, and saw 10 of its levels.

You collected 1103 gold pieces.
You spent 150 gold pieces at shops.

Inventory:

Hand Weapons
 a - a +3 whip of electrocution
 g - a +0 dagger
 v - a +1 short sword of venom (weapon)
 w - a +2 dagger of electrocution
 x - a +0 war axe
 E - a +0 long sword
Missiles
 h - 3 boomerangs
 K - 3 poisoned darts (quivered)
Armour
 c - an orb of light (worn)
 n - the +0 pair of gloves of Yssuinid (worn) {rF+ Stlth+}
   (You acquired it on level 5 of the Dungeon)

   rF+:       It protects you from fire.
   Stlth+:    It makes you more stealthy.
Jewellery
 e - a ring of poison resistance
 q - a ring of flight
 r - a +6 ring of intelligence (right hand)
 s - a ring of positive energy (left hand)
 y - an amulet of regeneration (around neck)
 A - a ring of wizardry
 G - a ring of resist corrosion
 H - a +4 ring of protection
Talismans
 m - a blade talisman
Wands
 j - a wand of flame (37)
 J - a wand of polymorph (11)
Scrolls
 o - 2 scrolls of fear
 u - a scroll of immolation
 z - 2 scrolls of fog
 C - 3 scrolls of teleportation
 F - 3 scrolls of summoning {unknown}
 I - 4 scrolls of revelation
Potions
 b - a potion of ambrosia
 d - a potion of haste
 f - a potion of heal wounds
 i - a potion of mutation
 k - a potion of magic
 l - 8 potions of curing
 p - a potion of cancellation {unknown}
 t - a potion of brilliance {unknown}
 B - 2 potions of enlightenment {unknown}
 D - a potion of attraction {unknown}


   Skills:
 + Level 8.7 Fighting
 + Level 7.9 Short Blades
 + Level 7.1 Dodging
 * Level 4.4 Spellcasting
 * Level 4.9 Ice Magic


You had 14 spell levels left.
You knew the following spells:

 Your Spells              Type           Power      Damage    Failure   Level
a - Frozen Ramparts       Ice            52%        1d8       4%          3

Your spell library contained the following spells:

 Spells                   Type           Power      Damage    Failure   Level
 Freeze                   Ice            100%       1d10      1%          1
 Apportation              Tloc           8%         N/A       11%         1
 Necrotise                Necr           16%        1d4       11%         1
 Summon Small Mammal      Summ           16%        N/A       11%         1
 Hailstorm                Conj/Ice       15%        3d5       12%         3
 Cigotuvi's Dreadful Rot  Necr/Pois/Air  8%         N/A       16%         2
 Call Canine Familiar     Summ           4%         N/A       32%         3
 Ignite Poison            Fire/Tmut/Pois 4%         N/A       32%         3
 Sigil of Binding         Hex            4%         N/A       32%         3
 Stone Arrow              Conj/Erth      8%         3d7       32%         3
 Tukima's Dance           Hex            4%         N/A       32%         3
 Dimensional Bullseye     Hex/Tloc       2%         N/A       71%         4
 Leda's Liquefaction      Hex/Erth       2%         N/A       71%         4
 Passage of Golubria      Tloc           4%         N/A       71%         4
 Summon Lightning Spire   Summ/Air       4%         N/A       71%         4
 Freezing Cloud           Conj/Ice/Air   6%         6-21      83%         5
 Lee's Rapid Deconstruct  Erth           2%         3d4*      96%         5
 Yara's Violent Unravell  Hex/Tmut       2%         3d3       96%         5
 Lehudib's Crystal Spear  Conj/Erth      2%         10d2      100%        8
 Animate Armour           Summ/Erth      Unusable   N/A       N/A         4

Dungeon Overview and Level Annotations

Branches:
Dungeon (9/15)             Temple (1/1) D:4
   Lair: D:8-11         Orc: D:9-12

Altars:
Ashenzari
Cheibriados
Dithmenos
Elyvilon
Fedhas
Gozag
Hepliaklqana
Kikubaaqudgha
Makhleb
Nemelex Xobeh
Okawaru
Qazlal
Ru
Sif Muna
Trog
Uskayaw
Vehumet
Wu Jian
Xom
Yredelemnul
Zin
The Shining One

Shops:
D:3 (:**   D:7 :   D:8 *

Annotations:
D:4 2 transporters, RandomusNamus's ghost, novice MiBr


Innate Abilities, Weirdness & Mutations

You can breathe blasts of scalding, opaque steam.
Your pale cyan-grey scales are hard. (AC +7)
You cannot fit into any form of body armour.
You are cold-blooded and may be slowed by cold attacks.
You are immune to the effects of steam.


Message History

Throw: 5 darts (poison)
Press: ? - help, Q - select action, (/) - cycle Shift-Dir - straight line, f/p - troll
Aim: a troll (heavily wounded, haloed, 78% to hit)
You throw a poisoned dart.
The poisoned dart barely misses the troll.
Throw: 4 darts (poison)
Press: ? - help, Q - select action, (/) - cycle Shift-Dir - straight line, f/p - troll
Aim: a troll (heavily wounded, haloed, 78% to hit)
You throw a poisoned dart.
The poisoned dart barely misses the troll.
You hit the troll but do no damage.
The troll is poisoned.
The troll is moderately wounded.
The troll bites you! The troll claws you. The troll claws you!
You hit the troll but do no damage.
The troll looks even sicker.
The troll is moderately wounded.
You hit the troll but do no damage.
The troll looks as sick as possible!
You tail-slap the troll, but do no damage.
The troll is moderately wounded.
The troll bites you! The troll closely misses you. The troll claws you!
You barely miss the troll.
Your tail-slap misses the troll.
The troll is moderately wounded.
The troll closely misses you. The troll claws you but does no damage.
The troll claws you!
You hit the troll.
The troll looks as sick as possible!
The troll is heavily wounded.
You hit the troll.
The troll looks as sick as possible!
The troll is severely wounded.
The troll bites you! The troll claws you!
* * * LOW HITPOINT WARNING * * *
The troll claws you.
* * * LOW HITPOINT WARNING * * *
You barely miss the troll.
The troll is severely wounded.
You hit the troll but do no damage.
The troll looks as sick as possible!
The troll is severely wounded.
The troll completely misses you. The troll claws you!
* * * LOW HITPOINT WARNING * * *
The troll claws you!
You die...
Your body crumbles into a pile of gold.

###########
#.........#
#.#######.# #.#
##.########## #.#
####............ #.#
#)....#...###### #.#
#)###......#
#.###.###.#...##
#....)....##@##
###.)...####T#
####)###.# #.# #....#
#.# #'# #.##.###.#
#...#
#.##.....##.....#
#.#.######.......#
####....####....(....#
...........+......(..+


You could see a troll (extremely poisoned).

Vanquished Creatures
  A two-headed ogre (D:8)
  An unseen horror (D:6)
  A troll (D:9)
  Grinder (D:4)
  A steam dragon (D:8)
  Grum (D:8)
  An acid dragon (D:8)
  2 orc warriors
  An ice beast (D:5)
  2 centaurs
  3 ogres
  2 wolves
  2 phantoms (D:4)
  A kobold brigand (D:7)
  3 scorpions
  A gnoll sergeant (D:5)
  5 wights
  3 jellies
  3 hounds
  3 orc priests
  Ijyb (D:4)
  A sleepcap (D:4)
  2 iguanas (D:6)
  11 orc wizards
  An adder (D:5)
  3 gnolls (D:5)
  3 shadow imps
  A worm (D:2)
  2 dart slugs
  29 orcs
  10 endoplasms
  A giant cockroach (D:2)
  4 goblins
  8 hobgoblins
  2 quokkas
  7 ball pythons
  7 bats
  A frilled lizard (D:2)
  11 kobolds
  5 rats
148 creatures vanquished.

Notes
Turn   | Place    | Note
-------+----------+-------------------------------------------
     0 | D:1      | croobank the Draconian Monk began the quest for the Orb.
     0 | D:1      | Reached XP level 1. HP: 19/19 MP: 1/1
   205 | D:1      | Reached XP level 2. HP: 23/26 MP: 2/2
   892 | D:2      | Reached XP level 3. HP: 33/33 MP: 3/3
  1207 | D:3      | Found Xynirr's Weapon Emporium.
  1217 | D:3      | Reached skill level 4 in Fighting
  1269 | D:3      | Found Xikk's Assorted Antiques.
  1278 | D:3      | Bought a scroll labelled QUGEING IF HEZ for 22 gold pieces
  1278 | D:3      | Bought a scroll labelled WYERER SIMNI for 22 gold pieces
  1278 | D:3      | Bought a scroll labelled VAER VUBLOU for 22 gold pieces
  1278 | D:3      | Bought a scroll labelled HANA KEXAHI for 22 gold pieces
  1367 | D:3      | Identified the +5 ring mail of Decit {Str+5}
  1401 | D:3      | Found Sinoc's Assorted Antiques.
  1501 | D:3      | Bought a scroll labelled QAECUA OMIRO for 31 gold pieces
  1501 | D:3      | Bought a scroll labelled WYERER SIMNI for 31 gold pieces
  1505 | D:3      | Found Neur's Book Shop.
  1575 | D:3      | Reached XP level 4. HP: 41/41 MP: 4/4
  2114 | D:4      | Noticed Ijyb
  2160 | D:4      | Found a staircase to the Ecumenical Temple.
  2160 | D:4      | Noticed a phantom
  2243 | D:4      | Reached XP level 5. HP: 47/47 MP: 5/5
  2259 | D:4      | Found a transporter.
  2263 | D:4      | Noticed RandomusNamus's ghost (novice MiBr)
  2266 | D:4      | Found a transporter.
  2307 | D:4      | Noticed Grinder
  2386 | D:4      | Killed a phantom
  2387 | D:4      | Reached skill level 5 in Fighting
  2455 | D:4      | Killed Grinder
  2456 | D:4      | Reached XP level 6. HP: 56/56 MP: 6/6
  2483 | D:4      | Reached skill level 5 in Short Blades
  2503 | D:4      | Your scales start taking on a pale cyan-grey colour.
  2503 | D:4      | Reached XP level 7. HP: 62/62 MP: 7/7
  2503 | D:4      | Gained mutation: You are immune to the effects of steam.
                  | [Pale Draconian growth]
  2603 | D:4      | Killed Ijyb
  2604 | D:4      | Reached skill level 6 in Fighting
  2641 | Temple   | Entered the Ecumenical Temple
  2659 | Temple   | Became a worshipper of Gozag Ym Sagoz the Greedy
  2856 | D:4      | Reached skill level 5 in Dodging
  2973 | D:5      | Entered Level 5 of the Dungeon
  3171 | D:5      | Found a white marble altar of Elyvilon.
  3186 | D:5      | Identified a scroll of acquirement
  3186 | D:5      | Acquired the +0 pair of gloves of Yssuinid {rF+ Stlth+}
  3522 | D:5      | Reached XP level 8. HP: 71/71 MP: 8/8
  3766 | D:5      | Reached skill level 7 in Fighting
  3878 | D:5      | Identified the +0 robe of Hospitality {Rampage Int+4 Dex-3}
  4052 | D:6      | Noticed an unseen horror
  4064 | D:6      | Killed an unseen horror
  4116 | D:6      | Learned a level 3 spell: Frozen Ramparts
  4188 | D:6      | Reached skill level 1 in Ice Magic
  4202 | D:6      | Reached skill level 1 in Spellcasting
  4584 | D:7      | Reached XP level 9. HP: 81/81 MP: 11/11
  4638 | D:7      | Reached skill level 8 in Fighting
  5067 | D:7      | Identified the +9 glaive of the Dungeon {venom, rN+++ Will-
                  | Str+8 Dex-3}
  5364 | D:7      | Found Moupnone's Book Emporium.
  5610 | D:8      | Found Nmymigoof's Needful Niceties.
  5619 | D:8      | Noticed Grum
  5656 | D:8      | Killed Grum
  5999 | D:8      | Noticed a two-headed ogre
  6012 | D:8      | Killed a two-headed ogre
  6190 | D:9      | Noticed a troll
  6206 | D:9      | Killed a troll
  6300 | D:9      | Reached XP level 10. HP: 82/90 MP: 16/16
  6458 | D:9      | Slain by a troll

Illustrated notes

Levels and vault maps discovered:
D:1:      dpeg_arrival_shelter, layout_rooms
D:2:      layout_basic, serial_forest, infiniplex_forest_end_1,
          infiniplex_forest_clump_curved, infiniplex_forest_clump_tiny,
          infiniplex_forest_clump_long, infiniplex_forest_lined_4_way,
          minmay_heptomino_d4
D:3:      layout_basic, serial_shops, nicolae_shop_tiny_statue_garden,
          nicolae_shop_dealshenge, nicolae_shop_temple_entry_statues_fountains,
          shop
D:4:      layout_basic, temple_pool_b, gammafunk_ghost_mausoleum, uniq_grinder,
          uniq_ijyb
D:5:      layout_loops_corners, nicolae_elyvilon_peaceful_grove
D:6:      layout_cave_pools
D:7:      layout_basic, serial_shops, nicolae_shop_tiny_glass,
          nicolae_the_louvre
D:8:      layout_basic, nicolae_alphabet_shops, uniq_grum
D:9:      layout_loops_corners, orc_0_dummy, uniq_prince_ribbit1
Temple:   roderic_octagonal_lattice_temple

Skill      XL: |  1  2  3  4  5  6  7  8  9 |
---------------+----------------------------+-----
Dodging        | 3 4 5 6 7 |  7.1
Fighting       | 4 5 6 7 8 |  8.7
Short Blades   | 4 5 6 7 |  7.9
Ice Magic      | 2 4 |  4.9
Spellcasting   | 1 4 |  4.4

Action                     |  1- 3 |  4- 6 |  7- 9 | 10-12 || total
---------------------------+-------+-------+-------+-------++-------
  Melee: Short sword       |   189 |   141 |   237 |    22 ||   589
         Tailslap          |    29 |    16 |    64 |     7 ||   116
         Punch             |     1 |     2 |     1 |       ||     4
  Throw: Dart              |       |       |     1 |     3 ||     4
         Throwing net      |       |       |     1 |       ||     1
Ability: Breathe Steam     |       |       |    35 |     3 ||    38
  Evoke: Wand              |       |     6 |     6 |       ||    12
    Use: Scroll            |     1 |    13 |     7 |       ||    21
   Stab: Sleeping          |     1 |       |       |       ||     1
         Paralysed         |       |     7 |     2 |       ||     9
         Held in net/web   |       |       |     1 |       ||     1
 Armour: Skin              |    62 |    67 |   129 |    15 ||   273
  Dodge: Dodged            |   105 |    72 |   107 |     7 ||   291

Table legend: (Time is in decaauts)
 A = Elapsed time spent in this place.
 B = Non-inter-level travel time spent in this place.
 C = Inter-level travel time spent in this place.
 D = Time resting spent in this place.
 E = Time spent auto-exploring this place.
 F = Levels seen in this place.
 G = Mean time per level.
                   A        B        C        D        E       F      G
               +--------+--------+--------+--------+--------+-----+--------+
         Total |   6323 |   6013 |    310 |    713 |   3582 |  10 |  632.3 |
       Dungeon |   6287 |   6012 |    275 |    713 |   3582 |   9 |  698.6 |
        Temple |     36 |      1 |     35 |      0 |      0 |   1 |   36.0 |
               +--------+--------+--------+--------+--------+-----+--------+

Top non-repeatable levels by time:
     D:7: 1158 daAuts
     D:5: 1059 daAuts
     D:3: 951 daAuts
     D:4: 800 daAuts
     D:2: 570 daAuts
     D:1: 557 daAuts
     D:6: 500 daAuts
     D:8: 439 daAuts
     D:9: 249 daAuts
  Temple: 36 daAuts
